TOP OF THE 1ST |
Saskatoon Smokin' Guns batting - Pitching for Eau Claire Esquires : RHP Orlando Trinidad
|
Pitching: RHP Orlando Trinidad
|
|
Batting: RHB Peter Bryant
|
0-0: Fly out, F4 (Popup, 4D)
|
Batting: RHB Xavier López
|
0-0: Ground out 6-3 (Groundball, 6M)
|
Batting: LHB Raúl Casillán
|
0-0: Foul Ball, location: 2F 0-1: Ball 1-1: Ball 2-1: Foul Ball, location: 2F 2-2: Ball 3-2: Ground out U3 (Groundball, 3)
|
Top of the 1st over - 0 run(s), 0 hit(s), 0 error(s), 0 left on base; Saskatoon 0 - Eau Claire 0 |
BOTTOM OF THE 1ST |
Eau Claire Esquires batting - Pitching for Saskatoon Smokin' Guns : RHP Bernardo Romero
|
Pitching: RHP Bernardo Romero
|
|
Batting: RHB Luis Pérez
|
0-0: Hit by Pitch
|
Batting: LHB Jesús Bueno
|
0-0: Called Strike 0-1: Ball 1-1: Ball 2-1: Grounds into double play, 3-6-3 (Groundball, 3)
|
Batting: SHB António De La Cruz
|
0-0: Ball 1-0: Ground out 4-3 (Groundball, 4)
|
Bottom of the 1st over - 0 run(s), 0 hit(s), 0 error(s), 0 left on base; Saskatoon 0 - Eau Claire 0 |
TOP OF THE 2ND |
Saskatoon Smokin' Guns batting - Pitching for Eau Claire Esquires : RHP Orlando Trinidad
|
Batting: LHB José Liñares
|
0-0: Foul Ball, location: 2F 0-1: Ball 1-1: Ball 2-1: Foul Ball, location: 2F 2-2: Fly out, F7 (Flyball, 7D)
|
Batting: LHB Russell Peck
|
0-0: Ball 1-0: Called Strike 1-1: Ball Single, Error in OF, E9, batter to second base
|
Batting: RHB Ben Fisher
|
0-0: Ball 1-0: Ball 2-0: Foul Ball, location: 2F 2-1: Foul Ball, location: 2F 2-2: DOUBLE (Groundball, 3L) Russell Peck scores
|
Batting: RHB Zack Flint
|
0-0: Foul Ball, location: 2F 0-1: Called Strike 0-2: Ball 1-2: Strikes out swinging
|
Batting: RHB César Rodríguez
|
0-0: Called Strike 0-1: Ball 1-1: Ball 2-1: Foul Ball, location: 2F 2-2: Ground out 5-3 (Groundball, 15S)
|
Top of the 2nd over - 1 run(s), 2 hit(s), 1 error(s), 1 left on base; Saskatoon 1 - Eau Claire 0 |
BOTTOM OF THE 2ND |
Eau Claire Esquires batting - Pitching for Saskatoon Smokin' Guns : RHP Bernardo Romero
|
Batting: RHB Félix Gonzáles
|
0-0: SINGLE (Groundball, 56)
|
Batting: RHB Michael Thomas
|
0-0: Called Strike 0-1: Ball 1-1: Foul Ball, location: 2F 1-2: Ball 2-2: Strikes out looking
|
Batting: SHB Manuel Hegnauer
|
0-0: Ball 1-0: Ball 2-0: Called Strike 2-1: Swinging Strike 2-2: Ball 3-2: Foul Ball, location: 2F 3-2: Fly out, F7 (Flyball, 78M)
|
Batting: RHB Javier Reyes
|
0-0: Ball 1-0: Ball 2-0: Foul Ball, location: 2F 2-1: Fly out, F7 (Flyball, 7M)
|
Bottom of the 2nd over - 0 run(s), 1 hit(s), 0 error(s), 1 left on base; Saskatoon 1 - Eau Claire 0 |
TOP OF THE 3RD |
Saskatoon Smokin' Guns batting - Pitching for Eau Claire Esquires : RHP Orlando Trinidad
|
Batting: LHB Bo Rush
|
0-0: Called Strike 0-1: Ball 1-1: Ball 2-1: Foul Ball, location: 2F 2-2: Strikes out swinging
|
Batting: RHB Peter Bryant
|
0-0: Foul Ball, location: 2F 0-1: Fly out, F9 (Flyball, 89S)
|
Batting: RHB Xavier López
|
0-0: Foul Ball, location: 2F 0-1: Ball 1-1: Ground out 6-3 (Groundball, 6)
|
Top of the 3rd over - 0 run(s), 0 hit(s), 0 error(s), 0 left on base; Saskatoon 1 - Eau Claire 0 |
BOTTOM OF THE 3RD |
Eau Claire Esquires batting - Pitching for Saskatoon Smokin' Guns : RHP Bernardo Romero
|
Batting: RHB Nelson Castro
|
0-0: Ground out 6-3 (Groundball, 6)
|
Batting: RHB Esteban Lara
|
0-0: Fly out, F8 (Flyball, 8LM)
|
Batting: RHB Luis Pérez
|
0-0: Ball 1-0: Ball 2-0: Foul Ball, location: 2F 2-1: Swinging Strike 2-2: Ball 3-2: Strikes out looking
|
Bottom of the 3rd over - 0 run(s), 0 hit(s), 0 error(s), 0 left on base; Saskatoon 1 - Eau Claire 0 |
TOP OF THE 4TH |
Saskatoon Smokin' Guns batting - Pitching for Eau Claire Esquires : RHP Orlando Trinidad
|
Batting: LHB Raúl Casillán
|
0-0: Called Strike 0-1: Ball 1-1: Foul Ball, location: 2F 1-2: Fly out, F7 (Popup, 7LS)
|
Batting: LHB José Liñares
|
0-0: Ball 1-0: SINGLE (Flyball, 7S)
|
Batting: LHB Russell Peck
|
0-0: Called Strike 0-1: Ball 1-1: Ground out 2-3 (Groundball, 23) José Liñares to second
|
Batting: RHB Ben Fisher
|
0-0: Ball 1-0: Called Strike 1-1: Called Strike 1-2: Ball 2-2: Foul Ball, location: 2F 2-2: Ball 3-2: Strikes out swinging
|
Top of the 4th over - 0 run(s), 1 hit(s), 0 error(s), 1 left on base; Saskatoon 1 - Eau Claire 0 |
BOTTOM OF THE 4TH |
Eau Claire Esquires batting - Pitching for Saskatoon Smokin' Guns : RHP Bernardo Romero
|
Batting: LHB Jesús Bueno
|
0-0: Ball 1-0: Called Strike 1-1: Ball 2-1: Ball 3-1: Called Strike 3-2: Foul Ball, location: 2F 3-2: Strikes out swinging
|
Batting: SHB António De La Cruz
|
0-0: Swinging Strike 0-1: Ball 1-1: Ball 2-1: Fly out, F9 (Line Drive, 89S)
|
Batting: RHB Félix Gonzáles
|
0-0: Ball 1-0: DOUBLE (Groundball, 5L)
|
Batting: RHB Michael Thomas
|
0-0: Swinging Strike 0-1: SINGLE (Line Drive, 8LS) Félix Gonzáles to third
|
Batting: SHB Manuel Hegnauer
|
0-0: Foul Ball, location: 2F 0-1: Foul Ball, location: 2F 0-2: Ball 1-2: Fly out, F9 (Line Drive, 89M)
|
Bottom of the 4th over - 0 run(s), 2 hit(s), 0 error(s), 2 left on base; Saskatoon 1 - Eau Claire 0 |
TOP OF THE 5TH |
Saskatoon Smokin' Guns batting - Pitching for Eau Claire Esquires : RHP Orlando Trinidad
|
Batting: RHB Zack Flint
|
0-0: Called Strike 0-1: Ball 1-1: Swinging Strike 1-2: Strikes out looking
|
Batting: RHB César Rodríguez
|
0-0: Ball 1-0: Called Strike 1-1: Ball 2-1: Fly out, F7 (Flyball, 7M)
|
Batting: LHB Bo Rush
|
0-0: Ball 1-0: Ball 2-0: Swinging Strike 2-1: Foul Ball, location: 2F 2-2: SINGLE (Line Drive, 6D)
|
Batting: RHB Peter Bryant
|
0-0: Called Strike 0-1: Called Strike 0-2: Foul Ball, location: 2F 0-2: Ball 1-2: Fly out, F5 (Line Drive, 5)
|
Top of the 5th over - 0 run(s), 1 hit(s), 0 error(s), 1 left on base; Saskatoon 1 - Eau Claire 0 |
BOTTOM OF THE 5TH |
Eau Claire Esquires batting - Pitching for Saskatoon Smokin' Guns : RHP Bernardo Romero
|
Batting: RHB Javier Reyes
|
0-0: Swinging Strike 0-1: Ball 1-1: Called Strike 1-2: Strikes out looking
|
Batting: RHB Nelson Castro
|
0-0: Ball 1-0: Ball 2-0: Called Strike 2-1: Swinging Strike 2-2: Strikes out looking
|
Batting: RHB Esteban Lara
|
0-0: Ball 1-0: Ball 2-0: Ball 3-0: Swinging Strike 3-1: Foul Ball, location: 2F 3-2: Foul Ball, location: 2F 3-2: Strikes out swinging
|
Bottom of the 5th over - 0 run(s), 0 hit(s), 0 error(s), 0 left on base; Saskatoon 1 - Eau Claire 0 |
TOP OF THE 6TH |
Saskatoon Smokin' Guns batting - Pitching for Eau Claire Esquires : RHP Orlando Trinidad
|
Batting: RHB Xavier López
|
0-0: Swinging Strike 0-1: Bunt for hit - play at first, batter OUT! 1-3
|
Batting: LHB Raúl Casillán
|
0-0: Ball 1-0: Called Strike 1-1: Ball 2-1: Ball 3-1: Base on Balls
|
Batting: LHB José Liñares
|
0-0: Called Strike Raúl Casillán steals 2nd base 0-1: Fly out, F5 (Popup, 5F)
|
Batting: LHB Russell Peck
|
0-0: Called Strike 0-1: Foul Ball, location: 2F 0-2: Strikes out looking
|
Top of the 6th over - 0 run(s), 0 hit(s), 0 error(s), 1 left on base; Saskatoon 1 - Eau Claire 0 |
BOTTOM OF THE 6TH |
Eau Claire Esquires batting - Pitching for Saskatoon Smokin' Guns : RHP Bernardo Romero
|
Batting: RHB Luis Pérez
|
0-0: Ball 1-0: Ball 2-0: SINGLE (Line Drive, 78S)
|
Batting: LHB Jesús Bueno
|
0-0: Ball 1-0: Called Strike 1-1: Ball 2-1: Foul Ball, location: 2F 2-2: Foul Ball, location: 2F 2-2: Strikes out swinging
|
Batting: SHB António De La Cruz
|
0-0: Ball Throwing error on steal attempt, E2 Luis Pérez to third 1-0: Foul Ball, location: 2F 1-1: Ball 2-1: Foul Ball, location: 2F 2-2: Fly out, F7 (Line Drive, 7D) Runner from 3rd tags up, SCORES, no throw
|
Batting: RHB Félix Gonzáles
|
0-0: Ball 1-0: Ball 2-0: Ball 3-0: Swinging Strike 3-1: Swinging Strike 3-2: Strikes out swinging
|
Bottom of the 6th over - 1 run(s), 1 hit(s), 1 error(s), 0 left on base; Saskatoon 1 - Eau Claire 1 |
TOP OF THE 7TH |
Saskatoon Smokin' Guns batting - Pitching for Eau Claire Esquires : RHP Orlando Trinidad
|
Pitching: RHP César Sánchez
|
|
Pinch Hitting: LHB Richard Hinkle
|
0-0: Ball 1-0: Foul Ball, location: 2F 1-1: Swinging Strike 1-2: Foul Ball, location: 2F 1-2: Ball 2-2: Strikes out swinging
|
Batting: RHB Zack Flint
|
0-0: Fly out, F5 (Popup, 25)
|
Batting: RHB César Rodríguez
|
0-0: Ball 1-0: SINGLE (Flyball, 6MD)
|
Batting: LHB Bo Rush
|
0-0: Ball 1-0: Called Strike 1-1: SINGLE (Groundball, 3D) César Rodríguez to second Runner from 2nd tries for 3rd, SAFE, throw made to third
|
Pinch Hitting: LHB Alejandro Rojas
|
0-0: Ball 1-0: Called Strike 1-1: SINGLE (Groundball, 4MD) César Rodríguez scores Bo Rush to second
|
Batting: RHB Xavier López
|
0-0: Ball 1-0: SINGLE (Flyball, 8LS) Bo Rush to third Alejandro Rojas to second Runner from 3rd tries for Home, SAFE, throw made home Alejandro Rojas to third Xavier López to second
|
Batting: LHB Raúl Casillán
|
0-0: DOUBLE (Line Drive, 89XD) Alejandro Rojas scores Xavier López scores
|
Pitching: RHP Juan Herrera
|
|
Batting: LHB José Liñares
|
0-0: Called Strike 0-1: Ball 1-1: Called Strike 1-2: Ball 2-2: Strikes out swinging
|
Top of the 7th over - 4 run(s), 5 hit(s), 0 error(s), 1 left on base; Saskatoon 5 - Eau Claire 1 |
BOTTOM OF THE 7TH |
Eau Claire Esquires batting - Pitching for Saskatoon Smokin' Guns : RHP Bernardo Romero
|
Pitching: RHP António Guerrero
|
|
Now at 3B: Juan Carlos Ramos
|
|
Now in RF: Alejandro Rojas
|
|
Batting: RHB Michael Thomas
|
0-0: Ball 1-0: SOLO HOME RUN (Flyball, 7LD), Distance : 332 ft
|
Batting: SHB Manuel Hegnauer
|
0-0: Called Strike 0-1: Ball 1-1: Fly out, F6 (Popup, 6)
|
Batting: RHB Javier Reyes
|
0-0: Foul Ball, location: 2F 0-1: Foul Ball, location: 2F 0-2: Ball 1-2: Foul Ball, location: 2F 1-2: Ball 2-2: Ball 3-2: Base on Balls
|
Batting: RHB Nelson Castro
|
0-0: Ball 1-0: Ball 2-0: Ball 3-0: Called Strike 3-1: Foul Ball, location: 2F 3-2: Base on Balls Javier Reyes to second
|
Batting: RHB Esteban Lara
|
0-0: Called Strike 0-1: Ball 1-1: Ball 2-1: Foul Ball, location: 2F 2-2: Ball 3-2: Base on Balls Javier Reyes to third Nelson Castro to second
|
Pinch Hitting: SHB Jeff Chambers
|
0-0: Grounds into fielders choice 1-2 (Groundball, 13S) Nelson Castro to third Esteban Lara to second
|
Batting: LHB Jesús Bueno
|
0-0: Ball 1-0: Ball 2-0: Called Strike 2-1: Ball 3-1: Foul Ball, location: 2F 3-2: Foul Ball, location: 2F 3-2: Foul Ball, location: 2F 3-2: DOUBLE (Line Drive, 9LD) Nelson Castro scores Esteban Lara scores Jeff Chambers to third Jeff Chambers scores
|
Pitching: RHP Alex Phillips
|
|
Batting: SHB António De La Cruz
|
0-0: Ball 1-0: Ball 2-0: Called Strike 2-1: Ball 3-1: Foul Ball, location: 2F 3-2: Base on Balls
|
Batting: RHB Félix Gonzáles
|
0-0: Ball 1-0: Ball 2-0: Ball 3-0: Called Strike 3-1: Foul Ball, location: 2F 3-2: Strikes out swinging
|
Bottom of the 7th over - 4 run(s), 2 hit(s), 0 error(s), 2 left on base; Saskatoon 5 - Eau Claire 5 |
TOP OF THE 8TH |
Saskatoon Smokin' Guns batting - Pitching for Eau Claire Esquires : RHP Juan Herrera
|
Now in CF: Miguel Arteaga
|
|
Batting: LHB Russell Peck
|
0-0: Fly out, F7 (Flyball, 7M)
|
Batting: RHB Juan Carlos Ramos
|
0-0: Ground out 6-3 (Groundball, 6M)
|
Batting: RHB Zack Flint
|
0-0: Ball 1-0: Ball 2-0: Ball 3-0: Base on Balls
|
Batting: RHB César Rodríguez
|
Pickoff Throw to First - Out!
|
Top of the 8th over - 0 run(s), 0 hit(s), 0 error(s), 0 left on base; Saskatoon 5 - Eau Claire 5 |
BOTTOM OF THE 8TH |
Eau Claire Esquires batting - Pitching for Saskatoon Smokin' Guns : RHP Alex Phillips
|
Batting: RHB Michael Thomas
|
0-0: Foul Ball, location: 2F 0-1: SOLO HOME RUN (Flyball, 7D), Distance : 339 ft
|
Batting: SHB Manuel Hegnauer
|
0-0: Called Strike 0-1: Ball 1-1: Ball 2-1: Foul Ball, location: 2F 2-2: Strikes out swinging
|
Batting: RHB Javier Reyes
|
0-0: Ball 1-0: Ball 2-0: Swinging Strike 2-1: SINGLE (Line Drive, 8LS)
|
Pinch Hitting: RHB Tony Vázquez
|
0-0: Called Strike 0-1: Foul Ball, location: 2F 0-2: Ball 1-2: Ball 2-2: Ball 3-2: Grounds into double play, 6-4-3 (Groundball, 6)
|
Bottom of the 8th over - 1 run(s), 2 hit(s), 0 error(s), 0 left on base; Saskatoon 5 - Eau Claire 6 |
TOP OF THE 9TH |
Saskatoon Smokin' Guns batting - Pitching for Eau Claire Esquires : RHP Juan Herrera
|
Pitching: RHP Jesús Díaz
|
|
Now in RF: Pancho Álvarez
|
|
Batting: RHB César Rodríguez
|
0-0: SINGLE (Line Drive, 78M)
|
Batting: LHB Bo Rush
|
0-0: Foul Ball, location: 2F 0-1: Foul Ball, location: 2F 0-2: Ball 1-2: Foul Ball, location: 2F 1-2: Foul Ball, location: 2F 1-2: Ball 2-2: Strikes out swinging
|
Batting: LHB Alejandro Rojas
|
0-0: Ball 1-0: Called Strike 1-1: Called Strike 1-2: Foul Ball, location: 2F 1-2: Foul Ball, location: 2F 1-2: Grounds into double play, 6-4-3 (Groundball, 6M)
|
Top of the 9th over - 0 run(s), 1 hit(s), 0 error(s), 0 left on base; Saskatoon 5 - Eau Claire 6 |
|